 Dungeon Crawl Stone Soup version 0.31-a0-750-gfe7b580527 (webtiles) character file.

Game seed: 16931598444294805203

126 Newt the Shooter (level 5, -1/35 HPs)
             Began as a Kobold Hunter on Sept 14, 2023.
             Killed from afar by Natasha (11 damage)
             ... with a puff of flame
             ... on level 2 of the Dungeon.
             The game lasted 00:01:10 (1402 turns).

Newt the Shooter (Kobold Hunter)                    Turns: 1402, Time: 00:01:11

Health: -1/35      AC:  3    Str:  8    XL:     5   Next: 32%
Magic:  5/5        EV: 14    Int: 11    God:
Gold:   873        SH:  0    Dex: 20    Spells: 4/4 levels left

rFire   . . .        a - +1 shortbow
rCold   . . .        (shield currently unavailable)
rNeg    . . .        c - +0 leather armour
rPois   .            (no helmet)
rElec   .            (no cloak)
rCorr   .            (no gloves)
SInv    .            (no boots)
Will    .....        (no amulet)
Stlth   +++          (no ring)
HPRegen 0.25/turn    (no ring)
MPRegen 0.09/turn

%: no passive effects
@: no status effects
A: small, no large weapons, nightstalker 3
a: no special abilities


You were on level 2 of the Dungeon.
You visited 1 branch of the dungeon, and saw 4 of its levels.

You collected 873 gold pieces.

Inventory:

Hand Weapons
 a - a +1 shortbow (weapon)
Armour
 c - a +0 leather armour (worn)
Jewellery
 d - an amulet of the acrobat
 f - a ring of resist corrosion
Scrolls
 b - a scroll of butterflies
 i - a scroll of fear {unknown}
Potions
 g - a potion of enlightenment {unknown}


   Skills:
 - Level 5.0 Fighting
 + Level 6.2 Ranged Weapons
 - Level 2.4 Dodging
 - Level 1.3 Stealth


You had 4 spell levels left.
You didn't know any spells.
Your spell library contained the following spells:

 Spells                   Type           Power      Damage    Failure   Level
 Apportation              Tloc           0%         N/A       45%         1
 Jinxbite                 Hex            0%         N/A       61%         2
 Alistair's Intoxication  Tmut/Pois      0%         N/A       100%        5


Dungeon Overview and Level Annotations

Branches:
Dungeon (4/15)
 Temple: D:4-7

Altars:

Annotations:
D:2 Natasha


Innate Abilities, Weirdness & Mutations

You are small and have problems with some larger weapons.
You are completely attuned to the shadows.


Message History

The cerulean imp is heavily wounded.
The cerulean imp hits you with a +0 spear.
Natasha claws you!
* * * LOW HITPOINT WARNING * * *
You are too injured to fight recklessly!
You are too injured to fight recklessly!
You are too injured to fight recklessly!
You are too injured to fight recklessly!
You are too injured to fight recklessly!
There are monsters nearby!
Unknown command.
You are too injured to fight recklessly!
Unknown command.
It was a potion of curing.
You feel better.
The cerulean imp hits you but does no damage.
Natasha closely misses you.
You shoot an arrow. The arrow completely misses Natasha.
The cerulean imp barely misses you.
Natasha zaps a wand.
The puff of flame hits you.
You shoot an arrow. The arrow misses Natasha.
The cerulean imp hits you with a +0 spear.
Natasha barely misses you.
You shoot an arrow. The arrow hits Natasha.
Natasha is lightly wounded.
The cerulean imp hits you with a +0 spear.
Natasha claws you!
* * * LOW HITPOINT WARNING * * *
You shoot an arrow. The arrow closely misses Natasha.
The cerulean imp hits you but does no damage.
Natasha barely misses you.
You feel better.
The cerulean imp hits you with a +0 spear.
* * * LOW HITPOINT WARNING * * *
Natasha mumbles some strange words.
You shoot an arrow. The arrow hits Natasha.
Natasha is moderately wounded.
The cerulean imp hits you but does no damage.
Natasha zaps a wand.
The puff of flame hits you!
You die...
Natasha curls up and begins to purr.

######........
#.............
#.............
#######.............
##...........##.####.
#....................
.....5..(....###..>##
.........<...# ###.#
....@h.......# #.##
.....5.......# #..#
.............### ##..
#........##....#####.
#....................
......#########..
......### ##.
......#.## ###
......#..# ##..


You could see Natasha and 2 cerulean imps.

Vanquished Creatures
  An orc priest (D:3)
  Natasha (twice) (D:2)
  An adder (D:2)
  A dart slug (D:1)
  3 orcs (D:3)
  4 endoplasms
  A giant cockroach (D:1)
  3 goblins
  5 hobgoblins
  A quokka (D:1)
  2 ball pythons
  4 bats
  2 frilled lizards (D:2)
  2 kobolds
  5 rats
37 creatures vanquished.

Notes
Turn   | Place    | Note
-------+----------+-------------------------------------------
     0 | D:1      | Newt the Kobold Hunter began the quest for the Orb.
     0 | D:1      | Reached XP level 1. HP: 12/12 MP: 1/1
   208 | D:1      | Reached XP level 2. HP: 18/18 MP: 2/2
   395 | D:1      | Found a faded altar of an unknown god.
   882 | D:2      | Reached XP level 3. HP: 23/23 MP: 3/3
   985 | D:2      | You fall into a shaft and drop 2 floors!
  1021 | D:3      | Identified a scroll of acquirement
  1021 | D:3      | Acquired 768 gold pieces
  1075 | D:3      | Reached XP level 4. HP: 30/30 MP: 4/4
  1169 | D:2      | Noticed Natasha
  1172 | D:2      | Killed Natasha
  1173 | D:2      | Reached skill level 5 in Fighting
  1173 | D:2      | Reached XP level 5. HP: 35/35 MP: 5/5
  1219 | D:2      | Noticed Natasha
  1223 | D:2      | Killed Natasha
  1224 | D:2      | Reached skill level 6 in Ranged Weapons
  1386 | D:2      | Noticed Natasha
  1402 | D:2      | Killed from afar by Natasha

Illustrated notes

Levels and vault maps discovered:
D:1:      minmay_arrival_diagonal_passages, layout_loops_ring, serial_bayou,
          serial_bayou_pond_c, serial_bayou_pond_d, serial_bayou_lagoon_a,
          serial_bayou_crossing, hellmonk_ecumenical_altar_leap_of_faith,
          nrook_campfire
D:2:      layout_rooms, uniq_natasha
D:3:      layout_rooms
D:4:      layout_loops_corners, mainiacjoe_overflow_chevrons, st_stairs_14

Skill      XL: |  1  2  3  4  5 |
---------------+----------------+-----
Fighting       | 3 4 5 |  5.0
Ranged Weapons | 6 |  6.2
Dodging        | |  2.4
Stealth        | |  1.3

Action                     |  1- 3 |  4- 6 || total
---------------------------+-------+-------++-------
   Fire: Shortbow          |    66 |    35 ||   101
    Use: Scroll            |     2 |       ||     2
         Potion            |       |     2 ||     2
 Armour: Leather armour    |    13 |    16 ||    29
  Dodge: Dodged            |    17 |     7 ||    24

Table legend: (Time is in decaauts)
 A = Elapsed time spent in this place.
 B = Non-inter-level travel time spent in this place.
 C = Inter-level travel time spent in this place.
 D = Time resting spent in this place.
 E = Time spent auto-exploring this place.
 F = Levels seen in this place.
 G = Mean time per level.
                   A        B        C        D        E       F      G
               +--------+--------+--------+--------+--------+-----+--------+
         Total |   1447 |   1420 |     27 |      0 |   1224 |   4 |  361.8 |
       Dungeon |   1447 |   1420 |     27 |      0 |   1224 |   4 |  361.8 |
               +--------+--------+--------+--------+--------+-----+--------+

Top non-repeatable levels by time:
     D:1: 914 daAuts
     D:2: 434 daAuts
     D:3: 65 daAuts
     D:4: 34 daAuts
